R+ - U24
LETHBRIDGE BLACK DIAMONDS @ BILLINGS MUSTANGS
08/28/2051
 
TOP OF THE 1ST
Billings Mustangs batting - Pitching for Cheyenne Chiefs : RHP Storm Williamson
Pitching: RHP Storm Williamson
Batting: RHB Travis Parsons 0-0: Ball
1-0: Fly out, F3 (Popup, 3S, EV 63.8 MPH)
Batting: LHB Felipe Hernandez 0-0: Ground out 4-3 (Groundball, 4S, EV 81.2 MPH)
Batting: LHB Greg Knauf 0-0: Fly out, F8 (Flyball, 89D, EV 105.6 MPH)
Top of the 1st over - 0 runs, 0 hits, 0 errors, 0 left on base; Billings 0 - Cheyenne 0
BOTTOM OF THE 1ST
Cheyenne Chiefs batting - Pitching for Billings Mustangs : RHP A.J. Byrd
Pitching: RHP A.J. Byrd
Batting: RHB Gilligan Eddy 0-0: Called Strike
0-1: Ball
1-1: Called Strike
1-2: Strikes out looking
Batting: RHB Jake Macias 0-0: Called Strike
0-1: Ball
1-1: Ball
2-1: Ball
3-1: Called Strike
3-2: Base on Balls
Batting: LHB Rodrigo Samand 0-0: Ball
1-0: Swinging Strike
1-1: Fly out, F6 (Popup, 6D, EV 54.4 MPH)
Batting: LHB Clemente Collado 0-0: Ball
1-0: Swinging Strike
1-1: Called Strike
1-2: Strikes out swinging
Bottom of the 1st over - 0 runs, 0 hits, 0 errors, 1 left on base; Billings 0 - Cheyenne 0
TOP OF THE 2ND
Billings Mustangs batting - Pitching for Cheyenne Chiefs : RHP Storm Williamson
Batting: RHB Dalmacio Escobar 0-0: Ground out 5-3 (Groundball, 56S, EV 90.0 MPH)
Batting: SHB Dwaine Echevarria 0-0: Called Strike
0-1: Swinging Strike
0-2: Strikes out looking
Batting: RHB Jason O'Daniel 0-0: Called Strike
0-1: Foul Ball, location: 2F
0-2: Foul Ball, location: 2F
0-2: Foul Ball, location: 2F
0-2: Foul Ball, location: 2F
0-2: Foul Ball, location: 2F
0-2: Strikes out swinging
Top of the 2nd over - 0 runs, 0 hits, 0 errors, 0 left on base; Billings 0 - Cheyenne 0
BOTTOM OF THE 2ND
Cheyenne Chiefs batting - Pitching for Billings Mustangs : RHP A.J. Byrd
Batting: RHB Gavin Zimmer 0-0: Ball
1-0: Called Strike
1-1: Foul Ball, location: 2F
1-2: Ball
2-2: Ball
3-2: Base on Balls
Batting: SHB Bascom Mitchell 0-0: Foul Ball, location: 2F
0-1: Fly out, F7 (Line Drive, 7, EV 102.5 MPH)
Batting: RHB Weston Dollinger 0-0: Called Strike
0-1: Ball
1-1: Foul Ball, location: 2F
1-2: Ball
2-2: Ball
3-2: Base on Balls
Gavin Zimmer to second
Batting: RHB Rudy Abdo 0-0: Ball
1-0: Reached on error, E6 (Groundball, 6, EV 100.0 MPH)
Gavin Zimmer to third
Weston Dollinger to second
Batting: SHB Kameron Stelter 0-0: Fielders Choice at 2nd, 4-6 (Groundball, 4, EV 81.2 MPH)
Gavin Zimmer scores
Weston Dollinger to third
Batting: RHB Gilligan Eddy 0-0: Ball
1-0: Swinging Strike
1-1: Ball
2-1: Swinging Strike
2-2: Ball
3-2: Strikes out looking
Bottom of the 2nd over - 1 run, 0 hits, 1 error, 2 left on base; Billings 0 - Cheyenne 1
TOP OF THE 3RD
Billings Mustangs batting - Pitching for Cheyenne Chiefs : RHP Storm Williamson
Batting: RHB Brandon Kendall 0-0: Called Strike
0-1: Called Strike
0-2: Ground out 4-3 (Groundball, 4, EV 86.2 MPH)
Batting: LHB Hayden Browman 0-0: Called Strike
0-1: Ball
1-1: Foul Ball, location: 2F
1-2: Foul Ball, location: 2F
1-2: Ball
2-2: Foul Ball, location: 2F
2-2: Ball
3-2: Fly out, F9 (Flyball, 9D, EV 94.4 MPH)
Batting: RHB Willy Culbreth 0-0: Swinging Strike
0-1: Ground out 6-3 (Groundball, 6M, EV 82.5 MPH)
Top of the 3rd over - 0 runs, 0 hits, 0 errors, 0 left on base; Billings 0 - Cheyenne 1
BOTTOM OF THE 3RD
Cheyenne Chiefs batting - Pitching for Billings Mustangs : RHP A.J. Byrd
Batting: RHB Jake Macias 0-0: Ball
1-0: Ball
2-0: Foul Ball, location: 2F
2-1: Ball
3-1: Base on Balls
Batting: LHB Rodrigo Samand 0-0: Fielders Choice at 2nd, 4-6 (Groundball, 4S, EV 80.6 MPH)
Batting: LHB Clemente Collado 0-0: Ball
1-0: Called Strike
1-1: SINGLE (Groundball, 23, EV 66.2 MPH) (infield hit)
Rodrigo Samand to second
Batting: RHB Gavin Zimmer 0-0: Called Strike
0-1: Foul Ball, location: 2F
0-2: Ball
Wild Pitch!
Rodrigo Samand to third
Clemente Collado to second
1-2: Ground out U3 (Groundball, 3, EV 90.0 MPH)
Batting: SHB Bascom Mitchell 0-0: Called Strike
0-1: Ball
1-1: Ball
2-1: Fly out, F4 (Popup, 34S, EV 77.5 MPH)
Bottom of the 3rd over - 0 runs, 1 hit, 0 errors, 2 left on base; Billings 0 - Cheyenne 1
TOP OF THE 4TH
Billings Mustangs batting - Pitching for Cheyenne Chiefs : RHP Storm Williamson
Batting: RHB Travis Parsons 0-0: Called Strike
0-1: Foul Ball, location: 2F
0-2: Strikes out swinging
Batting: LHB Felipe Hernandez 0-0: Ball
1-0: Ball
2-0: Called Strike
2-1: Called Strike
2-2: Ball
3-2: Ground out U3 (Groundball, 34S, EV 86.9 MPH)
Batting: LHB Greg Knauf 0-0: Swinging Strike
0-1: Called Strike
0-2: Ball
1-2: Ball
2-2: Fly out, F7 (Flyball, 78D, EV 101.9 MPH)
Top of the 4th over - 0 runs, 0 hits, 0 errors, 0 left on base; Billings 0 - Cheyenne 1
BOTTOM OF THE 4TH
Cheyenne Chiefs batting - Pitching for Billings Mustangs : RHP A.J. Byrd
Batting: RHB Weston Dollinger 0-0: Foul Ball, location: 2F
0-1: Ball
1-1: Foul Ball, location: 2F
1-2: Strikes out swinging
Batting: RHB Rudy Abdo 0-0: Ball
1-0: Ball
2-0: Foul Ball, location: 2F
2-1: Ball
3-1: Foul Ball, location: 2F
3-2: Strikes out swinging
Batting: SHB Kameron Stelter 0-0: Ball
1-0: Called Strike
1-1: Ball
2-1: Foul Ball, location: 2F
2-2: Foul Ball, location: 2F
2-2: Fly out, F9 (Line Drive, 9, EV 90.6 MPH)
Bottom of the 4th over - 0 runs, 0 hits, 0 errors, 0 left on base; Billings 0 - Cheyenne 1
TOP OF THE 5TH
Billings Mustangs batting - Pitching for Cheyenne Chiefs : RHP Storm Williamson
Batting: RHB Dalmacio Escobar 0-0: Called Strike
0-1: Ball
1-1: Called Strike
1-2: Ball
2-2: SINGLE (Groundball, 6MD, EV 94.4 MPH)
Batting: SHB Dwaine Echevarria 0-0: Ball
1-0: Called Strike
1-1: Foul Ball, location: 2F
1-2: Ball
2-2: Fielders Choice at 2nd, 1-6 (Groundball, 13S, EV 66.9 MPH)
Batting: RHB Jason O'Daniel 0-0: Called Strike
0-1: Reached on error, E7 (Flyball, 78M, EV 93.8 MPH)
Dwaine Echevarria to second
Batting: RHB Brandon Kendall 0-0: Foul Ball, location: 2F
0-1: Foul Ball, location: 2F
0-2: Ground out 5-3 (Groundball, 5L, EV 101.9 MPH)
Dwaine Echevarria to third
Jason O'Daniel to second
Batting: LHB Hayden Browman 0-0: Called Strike
0-1: Swinging Strike
0-2: Ball
1-2: Strikes out looking
Top of the 5th over - 0 runs, 1 hit, 1 error, 2 left on base; Billings 0 - Cheyenne 1
BOTTOM OF THE 5TH
Cheyenne Chiefs batting - Pitching for Billings Mustangs : RHP A.J. Byrd
Batting: RHB Gilligan Eddy 0-0: Ball
1-0: Ground out 6-3 (Groundball, 6M, EV 90.6 MPH)
Batting: RHB Jake Macias 0-0: Ball
1-0: Called Strike
1-1: Swinging Strike
1-2: DOUBLE (Line Drive, 7LM, EV 106.9 MPH)
Batting: LHB Rodrigo Samand 0-0: Ball
1-0: Swinging Strike
1-1: Ground out 4-3 (Groundball, 4S, EV 83.8 MPH)
Jake Macias to third
Batting: LHB Clemente Collado 0-0: SINGLE (Flyball, 9S, EV 91.2 MPH)
Jake Macias scores
Batting: RHB Gavin Zimmer 0-0: Ball
1-0: Called Strike
1-1: Called Strike
1-2: Ball
2-2: Strikes out looking
Bottom of the 5th over - 1 run, 2 hits, 0 errors, 1 left on base; Billings 0 - Cheyenne 2
TOP OF THE 6TH
Billings Mustangs batting - Pitching for Cheyenne Chiefs : RHP Storm Williamson
Batting: RHB Willy Culbreth 0-0: Swinging Strike
0-1: Ball
1-1: Ball
2-1: Ball
3-1: Ground out 6-3 (Groundball, 6, EV 96.9 MPH)
Batting: RHB Travis Parsons 0-0: Ball
1-0: Foul Ball, location: 2F
1-1: Swinging Strike
1-2: Strikes out swinging
Batting: LHB Felipe Hernandez 0-0: Called Strike
0-1: Foul Ball, location: 2F
0-2: Ball
1-2: Fly out, F5 (Popup, 56S, EV 73.8 MPH)
Top of the 6th over - 0 runs, 0 hits, 0 errors, 0 left on base; Billings 0 - Cheyenne 2
BOTTOM OF THE 6TH
Cheyenne Chiefs batting - Pitching for Billings Mustangs : RHP A.J. Byrd
Batting: SHB Bascom Mitchell 0-0: Foul Ball, location: 2F
0-1: Called Strike
0-2: Ball
1-2: Fly out, F8 (Line Drive, 8LD, EV 106.2 MPH)
Batting: RHB Weston Dollinger 0-0: Ground out 1-3 (Groundball, 13, EV 66.2 MPH)
Batting: RHB Rudy Abdo 0-0: Bunted foul
0-1: Ground out 6-3 (Groundball, 6, EV 80.6 MPH)
Bottom of the 6th over - 0 runs, 0 hits, 0 errors, 0 left on base; Billings 0 - Cheyenne 2
TOP OF THE 7TH
Billings Mustangs batting - Pitching for Cheyenne Chiefs : RHP Storm Williamson
Batting: LHB Greg Knauf 0-0: Foul Ball, location: 2F
0-1: Swinging Strike
0-2: Strikes out swinging
Batting: RHB Dalmacio Escobar 0-0: Ball
1-0: SINGLE (Groundball, 56D, EV 96.9 MPH)
Batting: SHB Dwaine Echevarria 0-0: Called Strike
0-1: Foul Ball, location: 2F
0-2: Fly out, F3 (Flyball, 3D, EV 90.6 MPH)
Batting: RHB Jason O'Daniel 0-0: Foul Ball, location: 2F
0-1: Ball
1-1: Foul Ball, location: 2F
1-2: Foul Ball, location: 2F
1-2: Ball
2-2: Strikes out looking
Top of the 7th over - 0 runs, 1 hit, 0 errors, 1 left on base; Billings 0 - Cheyenne 2
BOTTOM OF THE 7TH
Cheyenne Chiefs batting - Pitching for Billings Mustangs : RHP A.J. Byrd
Batting: SHB Kameron Stelter 0-0: Ball
1-0: Called Strike
1-1: Foul Ball, location: 2F
1-2: Ball
2-2: Ground out 6-3 (Groundball, 6S, EV 86.2 MPH)
Batting: RHB Gilligan Eddy 0-0: Ground out 5-3 (Groundball, 56S, EV 85.6 MPH)
Batting: RHB Jake Macias 0-0: Fly out, F7 (Flyball, 7LM, EV 81.9 MPH)
Bottom of the 7th over - 0 runs, 0 hits, 0 errors, 0 left on base; Billings 0 - Cheyenne 2
TOP OF THE 8TH
Billings Mustangs batting - Pitching for Cheyenne Chiefs : RHP Storm Williamson
Batting: RHB Brandon Kendall 0-0: Ball
1-0: Ball
2-0: SINGLE (Line Drive, 78S, EV 98.1 MPH)
Pitching: LHP Billy Bartel
Pinch Hitting: RHB Joe Condon 0-0: Fly out, F4 (Line Drive, 4, EV 66.9 MPH)
Batting: RHB Willy Culbreth 0-0: Ball
1-0: Called Strike
1-1: Foul Ball, location: 2F
1-2: Fly out, F7 (Flyball, 78D, EV 88.1 MPH)
Batting: RHB Travis Parsons 0-0: Foul Ball, location: 2F
0-1: Ball
Passed Ball!
Brandon Kendall to second
1-1: Ball
2-1: Ball
3-1: Fly out, F9 (Flyball, 89M, EV 87.5 MPH)
Top of the 8th over - 0 runs, 1 hit, 0 errors, 1 left on base; Billings 0 - Cheyenne 2
BOTTOM OF THE 8TH
Cheyenne Chiefs batting - Pitching for Billings Mustangs : RHP A.J. Byrd
Now in LF: Elijah Jackson
Batting: LHB Rodrigo Samand 0-0: Ball
1-0: Ball
2-0: Called Strike
2-1: DOUBLE (Flyball, 9D, EV 81.2 MPH)
Pitching: LHP J.C. Rivera
Batting: LHB Clemente Collado 0-0: Called Strike
0-1: Swinging Strike
0-2: Ball
1-2: Ball
2-2: Strikes out looking
Batting: RHB Gavin Zimmer 0-0: Swinging Strike
0-1: Ball
1-1: Ball
2-1: Ball
3-1: Base on Balls
Batting: SHB Bascom Mitchell 0-0: Foul Ball, location: 2F
0-1: Ball
1-1: Fly out, F9 (Flyball, 9D, EV 80.6 MPH)
Runner from 2nd tags up, SAFE at 3rd, no throw by RF
Batting: RHB Weston Dollinger 0-0: Ball
1-0: Foul Ball, location: 2F
1-1: Called Strike
1-2: Ball
2-2: Fielders Choice at 2nd, 5-4 (Groundball, 56, EV 88.8 MPH)
Bottom of the 8th over - 0 runs, 1 hit, 0 errors, 2 left on base; Billings 0 - Cheyenne 2
TOP OF THE 9TH
Billings Mustangs batting - Pitching for Cheyenne Chiefs : LHP Billy Bartel
Pitching: LHP Killian Feiner
Batting: LHB Felipe Hernandez 0-0: Ball
1-0: Ball
2-0: Called Strike
2-1: Ball
3-1: SINGLE (Line Drive, 78S, EV 103.1 MPH)
Pinch Hitting: RHB Manny Crawford 0-0: Called Strike
0-1: Ball
1-1: Foul Ball, location: 2F
1-2: Ball
2-2: Foul Ball, location: 2F
2-2: Ball
3-2: Base on Balls
Felipe Hernandez to second
Batting: RHB Dalmacio Escobar 0-0: Ball
1-0: Ball
2-0: 3-RUN HOME RUN (Line Drive, 78XD, EV 117.5 MPH), Distance : 471 ft
Batting: SHB Dwaine Echevarria 0-0: Foul Ball, location: 2F
0-1: Swinging Strike
0-2: SINGLE (Groundball, 4D, EV 100.6 MPH)
Batting: RHB Jason O'Daniel 0-0: Ball
1-0: Fielders Choice at 2nd, 1-4 (Groundball, P, EV 76.2 MPH)
Batting: RHB Brandon Kendall 0-0: Ball
1-0: Swinging Strike
1-1: Grounds into double play, 4-6-3 (Groundball, 4, EV 97.5 MPH)
Top of the 9th over - 3 runs, 3 hits, 0 errors, 0 left on base; Billings 3 - Cheyenne 2
BOTTOM OF THE 9TH
Cheyenne Chiefs batting - Pitching for Billings Mustangs : LHP J.C. Rivera
Pitching: RHP T.J. Rusk
Now in CF: Giovanni Eckler
Batting: RHB Rudy Abdo 0-0: Ball
1-0: Fly out, F3 (Popup, 34S, EV 76.9 MPH)
Pinch Hitting: RHB Stuart Francis 0-0: Swinging Strike
0-1: Swinging Strike
0-2: Foul Ball, location: 2F
0-2: Ball
1-2: Strikes out swinging
Batting: RHB Gilligan Eddy 0-0: Ball
1-0: SINGLE (Flyball, 4D, EV 85.6 MPH)
Batting: RHB Jake Macias 0-0: Ball
1-0: Foul Ball, location: 2F
1-1: Called Strike
1-2: Ball
2-2: Ball
3-2: Foul Ball, location: 2F
3-2: Ground out 6-3 (Groundball, 56, EV 93.8 MPH)
Bottom of the 9th over - 0 runs, 1 hit, 0 errors, 1 left on base; Billings 3 - Cheyenne 2
Thursday, March 28th , 2024 - OOTP Baseball 24.11 Build 85